 Dungeon Crawl Stone Soup version 0.26.1-2-gb8aa6d0cf2 (webtiles) character file.

Game seed: 16358242370551400630

746 Gabide the Cudgeller (level 8, -1/60 HPs)
             Began as a Human Monk on Feb 19, 2021.
             Was a Believer of Fedhas.
             Killed from afar by a steam dragon (14 damage)
             ... with a ball of steam
             ... on level 5 of the Dungeon.
             The game lasted 00:10:05 (4641 turns).

Gabide the Cudgeller (Human Monk)                   Turns: 4641, Time: 00:10:07

Health: -1/60      AC:  5    Str: 13    XL:     8   Next: 5%
Magic:  9/9        EV: 12    Int: 11    God:    Fedhas [**....]
Gold:   192        SH:  0    Dex: 16    Spells: 7/7 levels left

rFire    . . .     SeeInvis .   m - +1 morningstar
rCold    . . .     Faith    .   (no shield)
rNeg     . . .     Spirit   .   j - +0 ring mail
rPois    .         Reflect  .   (no helmet)
rElec    .         Harm     .   (no cloak)
rCorr    .         Rampage  .   (no gloves)
Will     .....                  (no boots)
Stlth    +.........             (no amulet)
HPRegen  0.20/turn              (no ring)
MPRegen  0.11/turn              (no ring)

@: no status effects
A: no striking features
a: Renounce Religion, Wall of Briars


You were on level 5 of the Dungeon.
You worshipped Fedhas.
Fedhas was pleased with you.
You visited 1 branch of the dungeon, and saw 5 of its levels.

You collected 192 gold pieces.

Inventory:

Hand Weapons
 m - a +1 morningstar (weapon)
Missiles
 d - a throwing net
 f - 28 poisoned darts (quivered)
 h - 7 boomerangs
 i - 6 atropa-tipped darts
Armour
 j - a +0 ring mail (worn)
Scrolls
 b - 5 scrolls of remove curse
 e - a scroll of teleportation
 l - a scroll of magic mapping
Potions
 c - a potion of heal wounds {unknown}
 g - 2 potions of curing
 k - a potion of cancellation {unknown}
 o - a potion of mutation {unknown}
 p - a potion of lignification {unknown}


   Skills:
 + Level 3.6 Fighting
 * Level 5.7 Maces & Flails
 * Level 4.7 Throwing
 + Level 2.2 Armour
 + Level 3.4 Dodging
 - Level 2.1 Stealth
 * Level 2.2 Invocations


You had 7 spell levels left.
You didn't know any spells.
Your spell library was empty.

Dungeon Overview and Level Annotations

Branches:
Dungeon (5/15)
 Temple: D:4-7

Altars:
Cheibriados
Elyvilon
Fedhas
Uskayaw
Vehumet


Message History

The steam dragon breathes steam at you. The ball of steam hits you!!
You sock the steam dragon!
The steam dragon is almost dead.
You are engulfed in a cloud of scalding steam.
The steam dragon bites you. The steam dragon claws you.
The steam dragon bites you. The steam dragon claws you.
You are too injured to fight recklessly!
You hit the steam dragon.
The steam dragon is almost dead.
You are engulfed in a cloud of scalding steam.
The steam dragon closely misses you. The steam dragon completely misses you.
You hit the steam dragon.
The steam dragon is almost dead.
You are engulfed in a cloud of scalding steam.
* * * LOW HITPOINT WARNING * * *
The steam dragon breathes steam at you. The ball of steam hits you!
You die...
Fedhas appreciates your contribution to the ecosystem.

########
#......#
##<#§###
#.#§#
#.#.#
#.#@#
#.#D#
....#
#.###
#.# #


You could see a steam dragon (catching breath).

Vanquished Creatures
  Eustachio (D:4)
  Duvessa (D:4)
  A centaur (D:3)
  Dowan (D:4)
  A scorpion (D:4)
  A centaur skeleton (D:4)
  A hound (D:4)
  An orc wizard (D:4)
  A worker ant (D:4)
  Natasha (twice) (D:4)
  A statue (D:4)
  A hound skeleton (D:4)
  A gnoll (D:3)
  6 adders
  2 oozes (D:4)
  An adder skeleton (D:4)
  2 worms
  3 dart slugs (D:2)
  7 leopard geckos
  4 orcs
  6 bats
  2 giant cockroaches
  2 goblins
  7 hobgoblins
  2 quokkas (D:2)
  3 frilled lizards
  6 kobolds
  2 leopard gecko skeletons (D:4)
  5 rats
74 creatures vanquished.

Vanquished Creatures (collateral kills)
  3 gnolls (D:3)
3 creatures vanquished.

Grand Total: 77 creatures vanquished

Notes
Turn   | Place    | Note
-------+----------+-------------------------------------------
     0 | D:1      | Gabide the Human Monk began the quest for the Orb.
     0 | D:1      | Reached XP level 1. HP: 18/18 MP: 1/1
   162 | D:1      | Reached XP level 2. HP: 10/24 MP: 2/2
   636 | D:1      | Reached XP level 3. HP: 29/29 MP: 3/3
  1099 | D:2      | Found a faded altar of an unknown god.
  1446 | D:2      | Reached skill level 1 in Throwing
  1459 | D:2      | Reached XP level 4. HP: 35/35 MP: 4/4
  1741 | D:2      | Found a blossoming altar of Fedhas.
  1741 | D:2      | Found a hide-covered altar of Uskayaw.
  1751 | D:2      | Became a worshipper of Fedhas Madash
  1751 | D:2      | Reached * piety under Fedhas
  1751 | D:2      | Reached ** piety under Fedhas
  2171 | D:3      | Reached skill level 4 in Maces & Flails
  2254 | D:3      | Reached XP level 5. HP: 28/41 MP: 5/5
  2405 | D:3      | You fall into a shaft and drop 2 floors!
  2405 | D:5      | Entered Level 5 of the Dungeon
  2468 | D:4      | Noticed Duvessa
  2477 | D:4      | Killed Duvessa
  2477 | D:4      | Noticed Dowan
  2478 | D:4      | Reached skill level 1 in Armour
  2478 | D:4      | Reached XP level 6. HP: 36/47 MP: 2/6
  2486 | D:4      | Killed Dowan
  2654 | D:4      | Reached skill level 1 in Invocations
  2950 | D:4      | Reached XP level 7. HP: 49/52 MP: 6/8
  2977 | D:4      | Noticed Eustachio
  3354 | D:3      | Found a white marble altar of Elyvilon.
  3361 | D:3      | Found a snail-covered altar of Cheibriados.
  3964 | D:4      | Reached skill level 5 in Maces & Flails
  4305 | D:4      | Killed Eustachio
  4338 | D:4      | Found a radiant altar of Vehumet.
  4458 | D:4      | Noticed Natasha
  4468 | D:4      | Killed Natasha
  4543 | D:4      | Noticed Natasha
  4555 | D:4      | Killed Natasha
  4556 | D:4      | Reached XP level 8. HP: 52/60 MP: 9/9
  4641 | D:5      | Killed from afar by a steam dragon

Illustrated notes

Levels and vault maps discovered:
D:1:      amcnicky_arrival_flooded_fountain, layout_basic,
          kennysheep_pointless_box
D:2:      layout_basic, gammafunk_temple_overflow_wave,
          chequers_ecumenical_altar_grove
D:3:      layout_basic, minitemple, chequers_mini_garden
D:4:      layout_rooms, vehumet_statue, chequers_serial_rivers_micro_c,
          lightli_corner_chamber, uniq_duvessa, uniq_eustachio, uniq_natasha
D:5:      layout_basic

Skill      XL: |  1  2  3  4  5  6  7 |
---------------+----------------------+-----
Throwing       | 1 2 3 4 |  4.7
Maces & Flails | 4 5 |  5.7
Armour         | 1 2 |  2.2
Invocations    | 1 2 |  2.2
Fighting       | |  3.6
Dodging        | |  3.4
Stealth        | |  2.1

Action                   |  1- 3 |  4- 6 |  7- 9 || total
-------------------------+-------+-------+-------++-------
Melee: Mace              |    76 |    62 |    14 ||   152
       Morningstar       |       |       |    60 ||    60
       Unarmed           |       |       |    12 ||    12
Throw: Dart              |    47 |    70 |    26 ||   143
Invok: Wall of Briars    |       |     2 |     1 ||     3
  Use: Scroll            |     3 |     3 |     2 ||     8
       Potion            |     2 |       |       ||     2
 Stab: Sleeping          |     1 |       |     2 ||     3
Armor: Leather armour    |    12 |       |       ||    12
       Ring mail         |    14 |    25 |    23 ||    62
Dodge: Dodged            |    69 |    45 |    70 ||   184
